 Dungeon Crawl Stone Soup version 0.30-a0-534-gdc55766716 (webtiles) character file.

Game seed: 15384366232224848186

3 drugrobin the Sneak (level 1, -1/18 HPs)
             Began as a Demigod Delver on Dec 24, 2022.
             Slain by a river rat (4 damage)
             ... on level 5 of the Dungeon.
             The game lasted 00:01:54 (266 turns).

drugrobin the Sneak (Demigod Delver)                 Turns: 266, Time: 00:01:55

Health: -1/18      AC:  3    Str: 13    XL:     1   Next: 33%
Magic:  3/3        EV: 11    Int: 12    God:
Gold:   42         SH:  0    Dex: 13    Spells: 0/0 levels left

rFire   . . .      SeeInvis .      - Unarmed
rCold   . . .      Faith    .    (no shield)
rNeg    . . .      Spirit   .    a - +0 leather armour
rPois   .          Reflect  .    (no helmet)
rElec   .          Harm     .    (no cloak)
rCorr   .          Rampage  .    (no gloves)
Will    .....                    (no boots)
Stlth   ++                       (no amulet)
HPRegen 0.23/turn                (no ring)
MPRegen 0.08/turn                (no ring)

@: hasted, very quick
A: high MP 1, forlorn, divine attributes, clumsy 1
a: no special abilities


You were on level 5 of the Dungeon.
You visited 1 branch of the dungeon, and saw 1 of its levels.

You collected 42 gold pieces.

Inventory:

Armour
 a - a +0 leather armour (worn)
Wands
 f - a wand of digging (3)
Scrolls
 b - a scroll of fog
 g - a scroll of identify {unknown}
 h - a scroll of amnesia {unknown}


   Skills:
 + Level 2.7 Fighting
 + Level 1.8 Dodging
 + Level 4.5 Stealth
 + Level 1.8 Unarmed Combat


You couldn't memorise any spells.
You didn't know any spells.
Your spell library was empty.

Dungeon Overview and Level Annotations

Branches:
Dungeon (5/15)
 Temple: D:4-7


Innate Abilities, Weirdness & Mutations

You have an increased reservoir of magic. (+10% MP)
You shall have no god before yourself.
Your divine heritage dramatically boosts your attributes as you level up.
You are clumsy. (Dex -2)


Message History

Unknown command.
You hit the river rat but do no damage.
The river rat is heavily wounded.
The river rat bites you.
* * * LOW HITPOINT WARNING * * *
Unknown command.
Unknown command.
Unknown command.
As you read the scroll of fear, it crumbles to dust.
You assume a fearsome visage.
The river rat looks frightened!
It was a potion of mutation.
You feel extremely strange.
You feel clumsy.
Unknown command.
Unknown command.
Unknown command.
You enter the shallow water.
Moving in this stuff is going to be slow.
It was a potion of magic.
Magic courses through your body. The river rat completely misses you.
Unknown command.
Unknown command.
You feel yourself speed up. The river rat closely misses you.
Unknown command.
You closely miss the river rat.
Your attack snaps the river rat out of its fear.
The river rat is heavily wounded.
Unknown command.
You barely miss the river rat.
The river rat is heavily wounded.
The river rat bites you.
* * * LOW HITPOINT WARNING * * *
Unknown command.
You hit the river rat.
The river rat is severely wounded.
Unknown command.
Unknown command.
You barely miss the river rat.
The river rat is severely wounded.
The river rat bites you.
You die...

# #......# # #......# ******* ##
####..#########,,,,,* 8#
#....##~~~†~~~##,,,,* ##
#....#~#######~#,,,,*
#####....#~#~~~~##~#,,,,*********
#'.......#~#~**#~#~#,,,,+,,,,,,,,
.##......#.#,*∩#r#.#,,,,*********
.''....###~#~*~#@#.#,,,,* **
.##....###~#*~*#~#.#,,,,* *****,
###.....##.#####~#~#,,,,* **,,,,,
#.....###~~~~~##†#,,,,***,,****
#.....# #######.##*****,,,**
#.....# #...##..# *,*** #.....#
#.......# **,*
#.....####......####**,,**
#.......##...........,,,,******


You could see a river rat.

Vanquished Creatures
  2 giant cockroaches (D:5)
  A rat (D:5)
3 creatures vanquished.

Notes
Turn   | Place    | Note
-------+----------+-------------------------------------------
     0 | D:5      | drugrobin the Demigod Delver began the quest for the Orb.
     0 | D:5      | Reached XP level 1. HP: 18/18 MP: 3/3
   152 | D:5      | Noticed a hound
   252 | D:5      | Gained mutation: You are clumsy. (Dex -2) [potion of
                  | mutation]
   266 | D:5      | Slain by a river rat

Illustrated notes

Levels and vault maps discovered:
D:5:      layout_basic, gammafunk_temple_overflow_statue,
          gup_sewer_entry_spiral, minmay_misc_feat_chi, chequers_avenue,
          minmay_fountain_box

Action                   || total
-------------------------++-------
Melee: Unarmed           ||    37
  Use: Potion            ||     3
       Scroll            ||     2
Armor: Leather armour    ||     8
Dodge: Dodged            ||    25

Table legend: (Time is in decaauts)
 A = Elapsed time spent in this place.
 B = Non-inter-level travel time spent in this place.
 C = Inter-level travel time spent in this place.
 D = Time resting spent in this place.
 E = Time spent auto-exploring this place.
 F = Levels seen in this place.
 G = Mean time per level.
                   A        B        C        D        E       F      G
               +--------+--------+--------+--------+--------+-----+--------+
         Total |    283 |    267 |     16 |      0 |     56 |   1 |  283.0 |
       Dungeon |    283 |    267 |     16 |      0 |     56 |   1 |  283.0 |
               +--------+--------+--------+--------+--------+-----+--------+

Top non-repeatable levels by time:
     D:5: 283 daAuts
